 Dungeon Crawl Stone Soup version 0.31-a0-1205-g5e5e916f41 (webtiles) character file.

Game seed: 13920059108505785236

1096 iorena the Chiller (level 8, -8/57 HPs)
             Began as a Merfolk Ice Elementalist on Dec 13, 2023.
             Was a Believer of Vehumet.
             Mangled by an ice beast (9 damage)
             ... on level 6 of the Dungeon.
             The game lasted 00:19:55 (3768 turns).

iorena the Chiller (Merfolk Ice Elementalist)       Turns: 3768, Time: 00:19:56

Health: -8/57      AC: 10    Str:  8    XL:     8   Next: 31%
Magic:  0/14       EV: 13    Int: 16    God:    Vehumet [**....]
Gold:   219        SH:  0    Dex: 15    Spells: 8/15 levels left

rFire   . . .        n - +5 Force Lance {heavy, knockback}
rCold   . . .        (no shield)
rNeg    . . .        d - +0 leather armour
rPois   .            (no helmet)
rElec   .            r - +0 cloak
rCorr   .            (no gloves)
SInv    .            p - +0 pair of boots
Will    .....        (no amulet)
Stlth   +++          (no ring)
HPRegen 0.29/turn    (no ring)
MPRegen 0.14/turn

%: no passive effects
@: ice-armoured, freezing walls
A: (nimble swimmer 2), mertail
a: Renounce Religion


You were on level 6 of the Dungeon.
You worshipped Vehumet.
Vehumet was pleased with you.
You visited 2 branches of the dungeon, and saw 8 of its levels.

You collected 219 gold pieces.

Inventory:

Hand Weapons
 c - a +0 dagger
 f - a +0 short sword
 n - the +5 Force Lance (weapon) {heavy, knockback}
   (You found it on level 2 of the Dungeon)
 v - a +3 trident
 x - a +1 short sword of venom
Armour
 a - a +0 robe
 d - a +0 leather armour (worn)
 p - a +0 pair of boots (worn)
 r - a +0 cloak (worn)
Talismans
 C - a flux talisman
Wands
 B - a wand of digging (5)
Scrolls
 i - 7 scrolls of identify
 l - 2 scrolls of vulnerability
 q - a scroll of fog {unknown}
 s - a scroll of fear {unknown}
 t - a scroll of revelation {unknown}
 u - a scroll of silence {unknown}
 w - a scroll of poison {unknown}
 y - a scroll of enchant armour {unknown}
 E - a scroll of butterflies {unknown}
Potions
 b - a potion of magic
 e - 2 potions of curing {unknown}
 g - 2 potions of haste {unknown}
 h - a potion of attraction {unknown}
 j - a potion of brilliance {unknown}
 m - 2 potions of berserk rage {unknown}
 o - 2 potions of cancellation
 A - a potion of might {unknown}
 D - a potion of lignification {unknown}


   Skills:
 + Level 2.3 Fighting
 + Level 5.7 Polearms
 + Level 2.1 Armour
 + Level 4.1 Dodging
 + Level 4.7 Stealth
 + Level 4.1 Spellcasting
 + Level 6.4 Ice Magic


You had 8 spell levels left.
You knew the following spells:

 Your Spells              Type           Power      Damage    Failure   Level
a - Freeze                Ice            92%        1d9       1%          1
b - Frozen Ramparts       Ice            46%        1d7       4%          3
c - Ozocubu's Armour      Ice            23%        N/A       4%          3

Your spell library contained the following spells:

 Spells                   Type           Power      Damage    Failure   Level
 Magic Dart               Conj           12%        1d3       24%         1
 Slow                     Hex            12%        N/A       24%         1
 Summon Ice Beast         Ice/Summ       13%        N/A       54%         4
 Confusing Touch          Hex            3%         N/A       56%         3
 Sigil of Binding         Hex            3%         N/A       56%         3
 Vampiric Draining        Necr           3%         2d6       56%         3


Dungeon Overview and Level Annotations

Branches:
Dungeon (7/15)             Temple (1/1) D:4

Altars:
Ashenzari
Cheibriados
Dithmenos
Elyvilon
Fedhas
Gozag
Hepliaklqana
Kikubaaqudgha
Makhleb
Nemelex Xobeh
Okawaru
Qazlal
Ru
Sif Muna
Uskayaw
Vehumet
Wu Jian
Yredelemnul
Zin
The Shining One


Innate Abilities, Weirdness & Mutations

((You are very nimble when in or above water. (Stealth+, EV+, Speed+++)))
Your lower body shifts to a powerful aquatic tail in water.


Message History

Unknown command.
You closely miss the ice beast.
You feel sick.
You are no longer poisoned.
The orc warrior misses you.
The ice beast hits you but does no damage.
You closely miss the ice beast.
The orc warrior hits you with a +3 hand axe!
The ice beast closely misses you.
Unknown command.
You hit the ice beast but do no damage.
The orc warrior hits you with a +3 hand axe.
The ice beast hits you. The ice beast freezes you!
* * * LOW HITPOINT WARNING * * *
Okay, then.
Casting: Freeze (safe; 1% risk of failure)
Confirm with . or Enter, or press ? or * to list all spells.
Casting: Frozen Ramparts (dangerous; 4% risk of failure)
Press: ? - help, Dir - look around, f - activate The walls around you are covered in ice.
The wall freezes the orc warrior but does no damage.
The orc warrior hits you with a +3 hand axe!
* * * LOW HITPOINT WARNING * * *
The wall freezes the orc.
The wall freezes the ice beast but does no damage.
The ice beast closely misses you.
As you read the scroll labelled ARHOUMOPUL, it crumbles to dust.
You hear a loud clanging noise!
It was a scroll of noise.
You hear an angry hiss.
You hear an angry buzzing noise.
You hear a shout! x2
You hear an angry hiss.
The wall freezes the orc.
You kill the orc!
Vehumet accepts your kill.
The wall freezes the orc warrior.
The orc warrior closely misses you.
The ice beast completely resists.
The wall freezes the ice beast but does no damage.
The ice beast hits you.
* * * LOW HITPOINT WARNING * * *
The ice beast freezes you!
You die...

≈# .####.#..#
..?......#
#####....#########
....##...........
###+
####Y#########
#....>........
#.####.####.# #
#Y# #@# #o# #).
...# .... .....#
.....( ......##


You could see an orc warrior and an ice beast.

Vanquished Creatures
  A sky beast (D:5)
  A black bear (D:5)
  An ogre (D:5)
  A phantom (D:5)
  A bullfrog (D:4)
  3 killer bees (D:6)
  A jelly (D:5)
  3 hounds
  2 orc priests
  3 orc wizards
  2 sleepcaps
  3 iguanas
  A gnoll (D:4)
  5 adders
  2 dart slugs
  14 orcs
  7 endoplasms
  2 giant cockroaches (D:4)
  15 hobgoblins
  3 quokkas
  3 ball pythons
  2 bats
  3 frilled lizards
  24 goblins
  11 kobolds
  A rat (D:2)
115 creatures vanquished.

Notes
Turn   | Place    | Note
-------+----------+-------------------------------------------
     0 | D:1      | iorena the Merfolk Ice Elementalist began the quest for the
                  | Orb.
     0 | D:1      | Reached XP level 1. HP: 13/13 MP: 3/3
   274 | D:1      | Reached XP level 2. HP: 19/19 MP: 3/5
   901 | D:2      | Found the +5 Force Lance {heavy, knockback}
  1040 | D:2      | Reached skill level 5 in Ice Magic
  1040 | D:2      | Reached XP level 3. HP: 24/24 MP: 3/6
  1052 | D:2      | Learned a level 3 spell: Frozen Ramparts
  1613 | D:3      | Reached XP level 4. HP: 24/30 MP: 4/7
  1661 | D:4      | Reached XP level 5. HP: 33/35 MP: 2/9
  1901 | D:4      | Found a staircase to the Ecumenical Temple.
  1939 | Temple   | Entered the Ecumenical Temple
  2005 | Temple   | Became a worshipper of Vehumet
  2312 | D:4      | Reached * piety under Vehumet
  2312 | D:4      | Offered knowledge of Shock by Vehumet.
  2313 | D:4      | Reached XP level 6. HP: 39/42 MP: 10/10
  2321 | D:4      | Learned a level 3 spell: Ozocubu's Armour
  2449 | D:4      | Reached skill level 1 in Armour
  2483 | D:4      | Reached skill level 1 in Fighting
  2756 | D:5      | Entered Level 5 of the Dungeon
  3246 | D:5      | Reached XP level 7. HP: 43/48 MP: 12/12
  3321 | D:5      | Reached skill level 5 in Polearms
  3450 | D:5      | Reached skill level 6 in Ice Magic
  3503 | D:5      | Offered knowledge of Magic Dart by Vehumet.
  3549 | D:5      | HP: 2/50 [black bear (5)]
  3550 | D:5      | Reached ** piety under Vehumet
  3551 | D:5      | Reached XP level 8. HP: 3/56 MP: 10/13
  3767 | D:6      | HP: 2/57 [orc warrior/+3 hand axe (15)]
  3768 | D:6      | Mangled by an ice beast

Illustrated notes

Levels and vault maps discovered:
D:1:      eino_arrival_tree_alley, layout_basic
D:2:      layout_loops_ring
D:3:      layout_basic, ebering_ecumenical_altar_sacrificial,
          minmay_goblin_outpost
D:4:      corexii_shantytown, layout_loops_corners, minmay_temple_entry_glass
D:5:      layout_gridville, uniq_crazy_yiuf_cottage
D:6:      layout_basic, lemuel_crystal_altar, mainiacjoe_overflow_alcove_2,
          kennysheep_doodads
D:7:      layout_loops_ring
Temple:   mainiacjoe_temple_cubbyholes

Skill      XL: |  1  2  3  4  5  6  7  8 |
---------------+-------------------------+-----
Ice Magic      | 5 6 |  6.4
Dodging        | 3 4 |  4.1
Polearms       | 2 4 5 |  5.7
Spellcasting   | 3 4 |  4.1
Armour         | 1 2 |  2.1
Stealth        | 3 4 |  4.7
Fighting       | 1 2 |  2.3

Action                     |  1- 3 |  4- 6 |  7- 9 || total
---------------------------+-------+-------+-------++-------
  Melee: Unarmed           |     3 |       |       ||     3
         Short sword       |     3 |       |       ||     3
         Lance             |    12 |    99 |    30 ||   141
         Punch             |     1 |     3 |       ||     4
   Cast: Freeze            |    39 |    20 |    22 ||    81
         Ozocubu's Armour  |       |       |     2 ||     2
         Frozen Ramparts   |       |       |     1 ||     1
    Use: Potion            |       |       |     4 ||     4
         Scroll            |       |       |     3 ||     3
   Stab: Sleeping          |     1 |    10 |     3 ||    14
         Distracted        |       |     1 |       ||     1
 Armour: Robe              |     3 |       |       ||     3
         Leather armour    |    18 |    65 |    59 ||   142
  Dodge: Dodged            |    26 |    77 |    55 ||   158

Table legend: (Time is in decaauts)
 A = Elapsed time spent in this place.
 B = Non-inter-level travel time spent in this place.
 C = Inter-level travel time spent in this place.
 D = Time resting spent in this place.
 E = Time spent auto-exploring this place.
 F = Levels seen in this place.
 G = Mean time per level.
                   A        B        C        D        E       F      G
               +--------+--------+--------+--------+--------+-----+--------+
         Total |   3829 |   3829 |      0 |      0 |   1934 |   8 |  478.6 |
       Dungeon |   3726 |   3726 |      0 |      0 |   1934 |   7 |  532.3 |
        Temple |    102 |    102 |      0 |      0 |      0 |   1 |  102.0 |
               +--------+--------+--------+--------+--------+-----+--------+

Top non-repeatable levels by time:
     D:4: 1344 daAuts
     D:1: 872 daAuts
     D:2: 665 daAuts
     D:5: 498 daAuts
     D:3: 301 daAuts
  Temple: 102 daAuts
     D:6: 42 daAuts
     D:7: 1 daAuts
